AoeStats
← speedshiva

Arena

505731382Analyzed
2v2 RM · 22d ago on Sep 10, 2026· 55m 28s· 4 players
Game mode
Random Map
Map size
Medium (4 player)
Population
200
Speed
Normal
Resources
Standard
Victory
Conquest
Starting age
Dark Age
Ending age
Imperial Age
RankedLock teamsTeams togetherTeam positionsShared explorationLock speedFull tech treeHidden civsTurbo modeCheats
Victory
Defeat
🇸🇮 Spanish · Slovenia
828
+16
🇸🇮 Persians · Slovenia
820
+16
🇫🇷 Turks · France
826
-16
🇫🇷 Persians · France
826
-16
Macolar
12:05 Feudal Age
16:49 Castle Age
15:27 Double-Bit Axe
15:23 Horse Collar
18:57 Bow Saw
20:29 Pikeman
20:57 Gambesons
24:41 Heavy Plow
27:22 Gold Mining
27:25 Stone Mining
28:38 Wheelbarrow
27:50 Loom
27:51 Town Watch
29:38 Bloodlines
29:30 Husbandry
34:01 Imperial Age
33:08 Hand Cart
32:56 Town Patrol
33:33 Forging
33:29 Scale Barding Armor
34:11 Cavalier
36:17 Conscription
36:56 Iron Casting
36:42 Chain Barding Armor
36:03 Paladin
36:38 Halberdier
40:20 Blast Furnace
39:56 Plate Barding Armor
39:23 Scale Mail Armor
39:44 Squires
40:20 Caravan
43:03 Two-Man Saw
41:54 Elite Conquistador
47:04 Man-at-Arms
Loxpox
4:41 Loom
10:47 Feudal Age
13:44 Double-Bit Axe
13:41 Horse Collar
19:05 Castle Age
17:59 Scale Barding Armor
18:59 Forging
23:56 Wheelbarrow
27:01 Bow Saw
26:55 Heavy Plow
31:10 Hand Cart
31:54 Pikeman
32:35 Squires
32:49 Town Watch
37:31 Imperial Age
36:52 Chain Barding Armor
36:52 Arson
37:20 Scale Mail Armor
38:05 Iron Casting
37:22 Halberdier
39:11 Elite War Elephant
41:20 Crop Rotation
41:34 Plate Barding Armor
42:23 Blast Furnace
42:41 Chain Mail Armor
BURGER KING
11:00 Feudal Age
12:42 Double-Bit Axe
16:17 Castle Age
14:35 Horse Collar
21:34 Bow Saw
23:53 Scale Barding Armor
23:39 Fletching
23:50 Padded Archer Armor
23:58 Gold Mining
23:59 Stone Mining
24:06 Stone Mining
24:47 Heavy Plow
25:27 Wheelbarrow
24:39 Town Watch
26:45 Gold Shaft Mining
30:03 Imperial Age
28:26 Thumb Ring
29:19 Hand Cart
30:34 Sipahi
31:10 Conscription
31:28 Ballistics
31:29 Bombard Tower
31:29 Loom
31:35 Loom
31:50 Town Patrol
34:03 Two-Man Saw
33:41 Heavy Scorpion
35:11 Elite Janissary
37:49 Artillery
38:28 Hoardings
speedshiva
7:29 Loom
10:11 Feudal Age
10:44 Double-Bit Axe
10:52 Gold Mining
11:07 Stone Mining
11:31 Horse Collar
21:11 Wheelbarrow
20:23 Town Watch
23:27 Castle Age
22:42 Scale Barding Armor
22:51 Forging
23:59 Heavy Plow
24:11 Bow Saw
24:38 Gold Shaft Mining
24:41 Stone Shaft Mining
25:03 Wheelbarrow
24:14 Town Watch
26:20 Hand Cart
26:05 Town Patrol
26:37 Husbandry
28:46 Ballistics
32:54 Imperial Age
31:41 Chain Barding Armor
31:57 Iron Casting
31:43 Bloodlines
33:39 Squires
33:07 Cavalier
34:30 Thumb Ring
33:48 Elite Skirmisher
36:02 Conscription
36:09 Conscription
36:48 Hoardings
36:46 Guilds
38:51 Crop Rotation
39:35 Two-Man Saw
39:09 Citadels
40:04 Heavy Camel Rider
44:40 Chemistry
44:36 Savar
Connection lost

Rejoining the realm…

Still unreachable

The connection could not be restored.

Session expired

The server has moved on; the page needs a fresh start.